 Dungeon Crawl Stone Soup version 0.29-a0-356-g7bc237e783 (webtiles) character file.

Game seed: 14572635491277912225

30 Hubjo the Firebug (level 3, 0/20 HPs)
             Began as a Deep Elf Fire Elementalist on Apr 25, 2022.
             Slain by a gnoll
             ... wielding a +0 whip
              (1 damage)
             ... on level 2 of the Dungeon.
             The game lasted 00:01:57 (1562 turns).

Hubjo the Firebug (Deep Elf Fire Elementalist)      Turns: 1562, Time: 00:01:58

Health: 0/20       AC:  6    Str:  5    XL:     3   Next: 5%
Magic:  1/9        EV: 12    Int: 19    God:
Gold:   81         SH:  0    Dex: 17    Spells: 7/8 levels left

rFire   + . .      SeeInvis .   h - +0 short sword
rCold   . . .      Faith    .   (no shield)
rNeg    . . .      Spirit   .   e - +3 leather armour {rF+}
rPois   .          Reflect  .   (no helmet)
rElec   .          Harm     .   (no cloak)
rCorr   .          Rampage  .   (no gloves)
Will    .....                   (no boots)
Stlth   ++........              (no amulet)
HPRegen 0.06/turn               (no ring)
MPRegen 0.11/turn               (no ring)

@: no status effects
A: no striking features
a: no special abilities


You were on level 2 of the Dungeon.
You visited 1 branch of the dungeon, and saw 2 of its levels.

You collected 81 gold pieces.

Inventory:

Hand Weapons
 h - a +0 short sword (weapon)
Armour
 a - a +0 robe
 e - a +3 leather armour of fire resistance (worn)
Potions
 b - a potion of magic


   Skills:
 * Level 1.2 Fighting
 - Level 2.4 Dodging
 + Level 3.0 Stealth
 + Level 3.4 Spellcasting
 - Level 1.1 Conjurations
 + Level 3.6 Fire Magic


You had 7 spell levels left.
You knew the following spells:

 Your Spells              Type           Power      Damage    Failure   Level
a - Foxfire               Conj/Fire      48%        2x1d6     10%         1

Your spell library contained the following spells:

 Spells                   Type           Power      Damage    Failure   Level
 Scorch                   Fire           32%        2d6       9%          2
 Magic Dart               Conj           28%        1d4       16%         1
 Conjure Flame            Conj/Fire      12%        6-21      28%         3
 Inner Flame              Hex/Fire       10%        N/A       34%         3
 Call Imp                 Summ           3%         N/A       36%         2
 Mephitic Cloud           Conj/Pois/Air  4%         N/A       54%         3
 Confusing Touch          Hex            3%         N/A       58%         3
 Flame Wave               Conj/Fire      12%        2d6       67%         4
 Yara's Violent Unravell  Hex/Tmut       1%         3d3       100%        5
 Enfeeble                 Hex            1%         N/A       100%        7


Dungeon Overview and Level Annotations

Branches:
Dungeon (2/15)

Altars:

Shops:
D:1 *


Message History

Casting: Foxfire (safe; 10% risk of failure)
Confirm with . or Enter, or press ? or * to list all spells.
You conjure some foxfire!
Your foxfire dissipates!
The foxfire hits the gnoll but does no damage.
A gnoll comes into view. It is wielding a +0 halberd.
As you read the scroll labelled OGAEL FIZA, it crumbles to dust.
It is a scroll of enchant armour.
Your +1 leather armour of fire resistance glows green for a moment.
The gnoll shouts!
The gnoll completely misses you.
A gnoll comes into view. It is wielding a +0 club.
It was a potion of curing.
You feel better.
The gnoll shouts!
The gnoll misses you. The gnoll closely misses you.
As you read the scroll labelled RIOKIJ XIESUFA, it crumbles to dust.
You feel aware of your surroundings.
It was a scroll of magic mapping.
The gnoll hits you with a +0 whip.
The gnoll hits you from afar with a +0 halberd!
Ouch! That really hurt!
* * * LOW HITPOINT WARNING * * *
You feel better. The gnoll hits you but does no damage.
The gnoll hits you from afar with a +0 halberd.
As you read the scroll labelled KAMOKU NAASS, it crumbles to dust.
Your body is wracked with pain!
* * * LOW HITPOINT WARNING * * *
The gnoll convulses! x4; It was a scroll of torment.
The gnoll hits you with a +0 whip.
* * * LOW HITPOINT WARNING * * *
The gnoll barely misses you.
As you read the scroll labelled REMAUCZ PIONNU, it crumbles to dust.
It is a scroll of amnesia.
Okay, then.
The gnoll hits you with a +0 whip.
* * * LOW HITPOINT WARNING * * *
The gnoll closely misses you. The gnoll barely misses you.
As you read the scroll of enchant armour, it crumbles to dust.
Your +2 leather armour of fire resistance glows green for a moment.
The gnoll hits you with a +0 whip.
You die...

,,,,,*******#).#
****** #..# #..#
#..# ##.## #.g#
#gg## ##.g# #.@#
##.## ##### #..#
#...# #..##
#...# #...#
#...# #...#
##...#
##..#######
.....#
#........#
####.#######
##.......#


You could see 4 gnolls.

Vanquished Creatures
  An adder (D:2)
  A worm (D:2)
  A ball python (D:1)
  3 bats (D:1)
  An endoplasm (D:2)
  4 goblins
  2 hobgoblins
  2 frilled lizards
  4 kobolds
  A rat (D:1)
20 creatures vanquished.

Vanquished Creatures (others)
  97 foxfires
97 creatures vanquished.

Grand Total: 117 creatures vanquished

Notes
Turn   | Place    | Note
-------+----------+-------------------------------------------
     0 | D:1      | Hubjo the Deep Elf Fire Elementalist began the quest for
                  | the Orb.
     0 | D:1      | Reached XP level 1. HP: 10/10 MP: 6/6
   255 | D:1      | Found Pyvoethra's Assorted Antiques.
   747 | D:1      | Reached XP level 2. HP: 16/16 MP: 5/8
  1246 | D:2      | Found a faded altar of an unknown god.
  1258 | D:2      | Identified the +7 chain mail of Past Mistakes {Harm
                  | *Corrode rN++ Int+2}
  1357 | D:2      | Reached skill level 1 in Fighting
  1536 | D:2      | Reached XP level 3. HP: 7/20 MP: 3/9
  1561 | D:2      | HP: 1/20 [gnoll/+0 whip (4)]
  1562 | D:2      | Slain by a gnoll

Illustrated notes

Levels and vault maps discovered:
D:1:      dpeg_arrival_simpleton_a, layout_basic, serial_shops, shop,
          serial_aquarium, aquarium_bridge_square [aquarium_subvault_window,
          aquarium_subvault_bridge, aquarium_subvault_bridge,
          aquarium_subvault_wall], aquarium_bridge_long_separate
          [aquarium_subvault_bridge, aquarium_subvault_balcony,
          aquarium_subvault_bridge, aquarium_subvault_bridge,
          aquarium_subvault_bridge, aquarium_subvault_wall],
          aquarium_window_corner, aquarium_window_2, aquarium_window_double,
          aquarium_view_2c, aquarium_balcony_3b
D:2:      layout_basic, basic_ecumenical_altar

Skill      XL: |  1  2 |
---------------+-------+-----
Fighting       | 1 |  1.2
Stealth        | 3 |  3.0
Dodging        | |  2.4
Spellcasting   | |  3.4
Conjurations   | |  1.1
Fire Magic     | |  3.6

Action                   || total
-------------------------++-------
Melee: Short sword       ||     4
 Cast: Foxfire           ||    65
  Use: Scroll            ||     5
       Potion            ||     2
Armor: Leather armour    ||     3
Dodge: Dodged            ||    10

Table legend: (Time is in decaauts)
 A = Elapsed time spent in this place.
 B = Non-inter-level travel time spent in this place.
 C = Inter-level travel time spent in this place.
 D = Time resting spent in this place.
 E = Time spent auto-exploring this place.
 F = Levels seen in this place.
 G = Mean time per level.
                   A        B        C        D        E       F      G
               +--------+--------+--------+--------+--------+-----+--------+
         Total |   1561 |   1536 |     25 |      0 |   1327 |   2 |  780.5 |
       Dungeon |   1561 |   1536 |     25 |      0 |   1327 |   2 |  780.5 |
               +--------+--------+--------+--------+--------+-----+--------+

Top non-repeatable levels by time:
     D:1: 1157 daAuts
     D:2: 404 daAuts
